 Dungeon Crawl Stone Soup version 0.24-a0-545-gd1b266bae6 (webtiles) character file.

Game seed: 11062339572787301973

675100 Flugkiller the Sorcerer (level 27, -13/130 HPs)
             Began as a Spriggan Venom Mage on Aug 17, 2019.
             Was an Initiate of Gozag.
             Killed from afar by Cerebov (49 damage)
             ... with a great blast of fire
             ... in Pandemonium on Aug 18, 2019.
             The game lasted 04:11:01 (130845 turns).

Flugkiller the Sorcerer (Spriggan Venom Mage)     Turns: 130845, Time: 04:11:01

Health: -13/130    AC:  6    Str: 11    XL:     27
Magic:  46/59      EV: 33    Int: 46    God:    Gozag
Gold:   21653      SH: 19    Dex: 23    Spells: 14/70 levels left

rFire    + . .     SeeInvis +   a - +2 morningstar of the Sea {crush, rF- Str+5 Int+7}
rCold    + + +     Gourm    .   s - +2 buckler {rC+}
rNeg     . . .     Faith    .   R - +2 robe {Archmagi}
rPois    .         Spirit   .   y - +0 hat of the Battered Princes {rC+ Int+5}
rElec    +         Reflect  +   O - +1 cloak "Jitow" {rF+ rC+ Str+2}
rCorr    .         Harm     .   (gloves unavailable)
MR       ++++.                  (boots unavailable)
Stlth    ++++++....             S - brooch of Shielding {Reflect SH+8}
HPRegen  0.31/turn              x - ring of Peace {Int+5 SInv}
MPRegen  0.36/turn              v - ring of Tolouwk {rElec rF+ MP+9 Dex+2}

@: studying Earth Magic, very quick
A: very small, unfitting armour, thin skeletal structure 2, see invisible,
herbivore, speed 3, electricity resistance, slow metabolism 2, evolution 1,
MP-powered wands
}: 4/15 runes: decaying, serpentine, slimy, silver
a: Potion Petition, Call Merchant, Bribe Branch, Renounce Religion


You were in Pandemonium.
You worshipped Gozag.
Gozag was extremely pleased with you.
You were not hungry.

You visited 12 branches of the dungeon, and saw 54 of its levels.
You visited Pandemonium 1 time, and saw 3 of its levels.
You visited 1 bazaar.
You also visited: Trove, Ice Cave, Wizlab and Desolation.

You collected 32418 gold pieces.
You spent 6103 gold pieces at shops.
You paid 4662 gold pieces to Gozag.

Inventory:

Hand Weapons
 a - the +2 morningstar of the Sea (weapon) {crush, rF- Str+5 Int+7}
   (You found it in the Desolation of Salt)

   It inflicts extra damage upon your enemies.
   It affects your strength (+5).
   It affects your intelligence (+7).
   It makes you vulnerable to fire.
 b - the +12 Vampire's Tooth {vamp}
   (You took it off a deep elf annihilator on level 3 of the Elven Halls)

   It inflicts no extra harm, but heals its wielder when it wounds a living foe.
 p - the +7 Spriggan's Knife {stab, EV+4 Stlth+}
   (You found it in the Desolation of Salt)

   It affects your evasion (+4).
   It makes you more stealthy.
Missiles
 k - a throwing net (quivered)
 Q - 25 curare-tipped darts
Armour
 s - a +2 buckler of cold resistance (worn)
   (You found it in a treasure trove)
 y - the +0 hat of the Battered Princes (worn) {rC+ Int+5}
   (You found it in a treasure trove)

   It affects your intelligence (+5).
   It protects you from cold.
 O - the +1 cloak "Jitow" (worn) {rF+ rC+ Str+2}
   (You found it in a wizard's laboratory)

   It affects your strength (+2).
   It protects you from fire.
   It protects you from cold.
 R - a +2 robe of the Archmagi (worn)
   (You took it off Erica on level 10 of the Dungeon)
Jewellery
 r - the amulet "Waureh" {RegenMP rElec rC+ Dex+2}
   (You found it in Pandemonium)

   [amulet of magic regeneration]

   It increases your magic regeneration.
   It affects your dexterity (+2).
   It protects you from cold.
   It insulates you from electricity.
 v - the ring of Tolouwk (right hand) {rElec rF+ MP+9 Dex+2}
   (You found it in the Desolation of Salt)

   [ring of protection from fire]

   It affects your dexterity (+2).
   It protects you from fire.
   It insulates you from electricity.
   It affects your magic capacity (+9).
 x - the ring of Peace (left hand) {Int+5 SInv}
   (You found it on level 5 of the Pits of Slime)

   [ring of see invisible]

   It affects your intelligence (+5).
   It lets you see invisible.
 C - the ring of Yendor {Fire +Blink Str+4 Slay+2}
   (You found it in the Desolation of Salt)

   [ring of fire]

   It enhances your fire magic.
   It affects your strength (+4).
   It affects your accuracy and damage with ranged weapons and melee attacks
   (+2).
   It protects you from fire.
   It makes you vulnerable to cold.
   It lets you blink.
 S - the brooch of Shielding (around neck) {Reflect SH+8}
   (You found it on level 3 of the Swamp)

   [amulet of reflection]

   It shields you and reflects attacks.
   It affects your SH (+8).
 X - the ring of Pocetid {rF+ MR+ Int+4 Stlth-}
   (You took it off a servant of whispers in the Desolation of Salt)

   [ring of protection from fire]

   It affects your intelligence (+4).
   It protects you from fire.
   It affects your resistance to hostile enchantments.
   It makes you less stealthy.
Wands
 D - a wand of acid (21)
   (You found it on level 4 of the Dungeon)
 G - a wand of disintegration (18)
   (You bought it in a shop on level 8 of the Dungeon)
 M - a wand of enslavement (27)
   (You found it on level 12 of the Dungeon)
 P - a wand of digging (47)
   (You found it on level 1 of the Lair of Beasts)
 Y - a wand of iceblast (11)
   (You took it off a naga on level 3 of the Lair of Beasts)
Scrolls
 d - 5 scrolls of vulnerability
 f - 29 scrolls of remove curse
 h - 6 scrolls of blinking
 i - 7 scrolls of enchant armour
 j - 23 scrolls of identify
 n - 29 scrolls of teleportation
 o - 6 scrolls of fear
 u - 10 scrolls of immolation
 w - 5 scrolls of holy word
 B - 8 scrolls of magic mapping
 H - 6 scrolls of fog
 N - 2 scrolls of summoning
Potions
 e - 4 potions of ambrosia
 l - 16 potions of curing
 m - 4 potions of magic
 q - 6 potions of resistance
 E - 9 potions of heal wounds
 F - 15 potions of might
 I - a potion of agility
 J - 7 potions of haste
 U - 2 potions of invisibility
 V - 3 potions of brilliance
 W - 5 potions of berserk rage
 Z - 7 potions of cancellation
Books
 z - a manual of Earth Magic
   (You found it in the Desolation of Salt)
Miscellaneous
 g - a crystal ball of energy
   (You found it on level 5 of the Vaults)
Comestibles
 c - 43 rations


   Skills:
 + Level 9.1 Fighting
 - Level 10.2 Short Blades
 - Level 15.1 Dodging
 - Level 10.2 Stealth
 - Level 7.2 Shields
 - Level 22.0 Spellcasting
 - Level 20.5 Conjurations
 - Level 10.0 Summonings
 - Level 21.9 Fire Magic
 - Level 6.0 Earth Magic
 - Level 10.0 Poison Magic
 - Level 15.0 Evocations


You had 14 spell levels left.
You knew the following spells:

 Your Spells              Type           Power        Failure   Level  Hunger
a - Fire Storm            Conj/Fire      #########.   5%          9    None
b - Poisonous Vapours     Pois/Air       ######       1%          2    None
c - Summon Lightning Spi  Summ/Air       #######.     1%          4    None
d - Olgreb's Toxic Radia  Pois           ########     1%          4    None
e - Orb of Destruction    Conj           #########.   1%          7    None
f - Regeneration          Chrm/Necr      ######....   1%          3    None
g - Spellforged Servitor  Conj/Summ      ########..   1%          7    None
i - Ignition              Fire           #########.   1%          8    None
j - Passage of Golubria   Tloc           N/A          3%          4    None
k - Lehudib's Crystal Sp  Conj/Erth      ########..   10%         8    None

Your spell library contained the following spells:

 Spells                   Type           Power        Failure   Level  Hunger
 Flame Tongue             Conj/Fire      #####        0%          1    None
 Magic Dart               Conj           ####         0%          1    None
 Shock                    Conj/Air       ####         0%          1    None
 Sting                    Conj/Pois      ####         0%          1    None
 Summon Butterflies       Summ           ########     0%          1    None
 Summon Small Mammal      Summ           ####         0%          1    None
 Call Imp                 Summ           ########     0%          2    None
 Searing Ray              Conj           ######       0%          2    None
 Throw Flame              Conj/Fire      ######       0%          2    None
 Throw Frost              Conj/Ice       ######       0%          2    None
 Conjure Flame            Conj/Fire      ########     0%          3    None
 Dazzling Spray           Conj/Hex       ######       0%          3    None
 Inner Flame              Hex/Fire       ########     0%          3    None
 Mephitic Cloud           Conj/Pois/Air  ########     0%          3    None
 Static Discharge         Conj/Air       ########     0%          3    None
 Stone Arrow              Conj/Erth      ######       0%          3    None
 Iskenderun's Mystic Bla  Conj           ########     0%          4    None
 Sticky Flame             Conj/Fire      ########     0%          4    None
 Bolt of Magma            Conj/Fire/Erth ########..   0%          5    None
 Fireball                 Conj/Fire      #########.   0%          5    None
 Bolt of Fire             Conj/Fire      #########.   0%          6    None
 Animate Skeleton         Necr           N/A          1%          1    None
 Apportation              Tloc           ######       1%          1    None
 Beastly Appendage        Tmut           ######       1%          1    None
 Confusing Touch          Hex            ######       1%          1    None
 Corona                   Hex            ######.      1%          1    None
 Infusion                 Chrm           ####         1%          1    None
 Pain                     Necr           ####         1%          1    None
 Sandblast                Erth           ######       1%          1    None
 Blink                    Tloc           N/A          1%          2    None
 Corpse Rot               Necr           N/A          1%          2    None
 Passwall                 Tmut/Erth      #######.     1%          2    None
 Shroud of Golubria       Chrm/Tloc      ######       1%          2    None
 Slow                     Hex            ######..     1%          2    None
 Song of Slaying          Chrm           ######..     1%          2    None
 Sublimation of Blood     Necr           ######....   1%          2    None
 Swiftness                Chrm/Air       ######..     1%          2    None
 Confuse                  Hex            ######..     1%          3    None
 Gell's Gravitas          Tloc           ######....   1%          3    None
 Lesser Beckoning         Tloc           ######....   1%          3    None
 Ozocubu's Armour         Chrm/Ice       ######..     1%          3    None
 Portal Projectile        Hex/Tloc       ######       1%          3    None
 Recall                   Summ/Tloc      N/A          1%          3    None
 Spectral Weapon          Hex/Chrm       ######..     1%          3    None
 Spider Form              Tmut/Pois      #######...   1%          3    None
 Tukima's Dance           Hex            ######..     1%          3    None
 Vampiric Draining        Necr           ######....   1%          3    None
 Force Lance              Conj/Tloc      ########     1%          4    None
 Fulminant Prism          Conj/Hex       ########..   1%          4    None
 Leda's Liquefaction      Hex/Erth       #######...   1%          4    None
 Petrify                  Tmut/Erth      #######.     1%          4    None
 Throw Icicle             Conj/Ice       ########     1%          4    None
 Alistair's Intoxication  Tmut/Pois      #######.     1%          5    None
 Aura of Abjuration       Summ           ########..   1%          5    None
 Bolt of Draining         Conj/Necr      ########..   1%          5    None
 Irradiate                Conj/Tmut      ########..   1%          5    None
 Iskenderun's Battlesphe  Conj/Chrm      ########     1%          5    None
 Lee's Rapid Deconstruct  Erth           ########..   1%          5    None
 Lightning Bolt           Conj/Air       ########..   1%          5    None
 Summon Demon             Summ           ########..   1%          5    None
 Summon Forest            Summ/Tloc      #######...   1%          5    None
 Summon Mana Viper        Hex/Summ       #######.     1%          5    None
 Venom Bolt               Conj/Pois      ########..   1%          5    None
 Conjure Ball Lightning   Conj/Air       ########..   1%          6    None
 Iron Shot                Conj/Erth      ########..   1%          6    None
 Poison Arrow             Conj/Pois      ########..   1%          6    None
 Shadow Creatures         Summ           N/A          1%          6    None
 Airstrike                Air            ######....   3%          4    None
 Animate Dead             Necr           N/A          3%          4    None
 Cause Fear               Hex            ######....   3%          4    None
 Freezing Cloud           Conj/Ice/Air   ########..   3%          6    None
 Ring of Flames           Chrm/Fire      ########..   3%          7    None
 Monstrous Menagerie      Summ           ########..   4%          7    None
 Summon Greater Demon     Summ           ########..   4%          7    None
 Summon Hydra             Summ           ########..   4%          7    None
 Agony                    Necr           ######..     10%         5    None
 Dispel Undead            Necr           ######..     10%         5    None
 Excruciating Wounds      Chrm/Necr      ######....   10%         5    None
 Metabolic Englaciation   Hex/Ice        ######....   10%         5    None
 Silence                  Hex/Air        ######....   10%         5    None
 Yara's Violent Unravell  Hex/Tmut       ######....   10%         5    None
 Statue Form              Tmut/Erth      #######..    16%         6    None
 Chain Lightning          Conj/Air       ########..   32%         8    None
 Malign Gateway           Summ/Tloc      #######...   36%         7    None
 Summon Horrible Things   Summ           ########..   36%         8    None
 Darkness                 Hex            ######....   45%         6    None
 Deflect Missiles         Chrm/Air       ######....   45%         6    None
 Dispersal                Tloc           ######....   45%         6    None
 Hydra Form               Tmut           ######....   45%         6    None
 Invisibility             Hex            ######..     45%         6    None
 Dragon Form              Tmut           ######....   96%         7    None
 Glaciate                 Conj/Ice       ########..   99%         9    None
 Controlled Blink         Tloc           N/A          100%        8    None
 Disjunction              Tloc           ######....   100%        8    None
 Shatter                  Erth           ########..   100%        9    None
 Tornado                  Air            ######....   100%        9    None


Dungeon Overview and Level Annotations

Branches:
Dungeon (15/15)            Temple (1/1) D:6            Lair (6/6) D:10
  Swamp (4/4) Lair:3        Snake (4/4) Lair:3        Slime (5/5) Lair:5
    Orc (2/2) D:9             Elf (3/3) Orc:2        Vaults (5/5) D:14
  Crypt (3/3) Vaults:2       Tomb (0/3) Crypt:3      Depths (5/5) D:15
    Zot (1/5) Depths:5

Altars:
Ashenzari
Cheibriados
Dithmenos
Elyvilon
Fedhas
Gozag
Hepliaklqana
Kikubaaqudgha
Makhleb
Nemelex Xobeh
Okawaru
Qazlal
Ru
Sif Muna
Trog
Uskayaw
Vehumet
Wu Jian
Xom
Yredelemnul
Zin
The Shining One
Jiyva

Shops:
D:5 *   D:8 *   D:9 :!   D:12 (   D:13 [   D:15 *   Orc:2 [}[*!*   Elf:1 %([[
Elf:3 [   Snake:3 [   Snake:4 (!=(   Vaults:2 %   Vaults:3 *

Portals:
Hell: Depths:1 Depths:2 Depths:3 Depths:4 Depths:5
Abyss: Depths:4 Depths:5
Pandemonium: Orc:2 Depths:3
Ziggurat: Depths:1

Annotations:
D:5 exclusion: water moccasin
D:9 exclusion: oklob plant
D:10 1 runed translucent door
Lair:3 exclusion: 4 oklob plants
Swamp:1 exclusion: shambling mangrove
Swamp:2 exclusion: hydra
Swamp:3 Bai Suzhen
Snake:2 1 runed translucent door, Qioxkieti's ghost, adept HuBe
Snake:3 2 transporters, Execuda's ghost, adept TrFi
Orc:1 2 transporters, Qurchuept's ghost, journeyman FeVM
Orc:2 3 runed translucent doors, exclusion: obsidian statue, Zero's ghost, adept GrBe
Elf:2 5 runed translucent doors
Vaults:1 3 runed translucent doors, Taschum's ghost, adept DrAK
Pan Cerebov


Innate Abilities, Weirdness & Mutations

You are very small and have problems with some larger weapons.
You are too small for most types of armour.
You have supernaturally acute eyesight. (SInv)
You are a herbivore.
You cover ground extremely quickly.
You need to consume almost no food.
You have a moderately thin skeletal structure. (Dex +4, Stealth+)
You are resistant to electric shocks. (rElec)
You evolve.
You expend magic power (3 MP) to strengthen your wands.


Message History

Your spellforged servitor hums quietly as it recharges.
Things that are here:
a +3 battleaxe of electrocution; a +2 robe of magic resistance The orb of destruction hits the fire vortex!!!!
The fire vortex dissipates!
Your spellforged servitor conjures a glowing orb.
The wavering orb of destruction weakly hits Cerebov!!
Your spellforged servitor hums quietly as it recharges.
Your spellforged servitor gestures at Cerebov while chanting.
The crystal spear hits Cerebov!!!!
Your spellforged servitor hums quietly as it recharges.
You see here a +2 halberd of venom.
Casting: Spellforged Servitor (safe; 1% risk of failure)
Confirm with . or Enter, or press ? or * to list all spells.
Aiming: Orb of Destruction (safe; 1% risk of failure)
Press: ? - help, Shift-Dir - straight line, f/p - Cerebov
Aim: Cerebov, wielding the +6 sword of Cerebov {flame} (black smoke, moderately wounded, fast)
You feel a surge of power!
The orb of destruction hits Cerebov!!!!
Cerebov is heavily wounded.
There is an open gate here.
There is an open gate here.
Casting: Orb of Destruction (safe; 1% risk of failure)
Confirm with . or Enter, or press ? or * to list all spells.
Aiming: Orb of Destruction (safe; 1% risk of failure)
Press: ? - help, Shift-Dir - straight line, f/p - Cerebov
Aim: Cerebov, wielding the +6 sword of Cerebov {flame} (heavily wounded, fast)
You feel a surge of power! Cerebov gestures at you.
A raging storm of fire appears!
The great blast of fire engulfs you!!! You partially resist.
* * * LOW HITPOINT WARNING * * *
You hear a bellow! 3 fire vortices come into view.
You are engulfed in blazing flames.
You resist.
* * * LOW HITPOINT WARNING * * *
You see here a gold piece.
Why would you want to do that? Why would you want to do that?
Unknown command.
Why would you want to do that?
Unknown command.
You are engulfed in blazing flames.
You resist.
* * * LOW HITPOINT WARNING * * *
You block the fire vortex's attack. Cerebov gestures at you.
A raging storm of fire appears!
The great blast of fire engulfs you!!! You partially resist.
You die...
Your body crumbles into a pile of gold.

########################
.....)..........@......#
≈≈≈§≈)...$.............#
####≈...≈≈○≈v°v≈§≈≈....#
)))#≈...≈##°°°°≈##≈....#*
}.}#≈..§§###○°'###§≈.§..*
[.}#≈§§≈##&°°....##≈≈≈..*
#'###§≈##.°.v°°...###≈..*
§§§#####$°...$.....#*≈..*
≈§§§§§§#○$.#####...#§≈,,*


You could see Cerebov and 3 fire vortices.

Vanquished Creatures
  the Royal Jelly (Slime:5)
  2 ancient liches
  Khufu (Crypt:1)
  An orb of fire (Zot:1)
  A greater mummy (Crypt:1)
  Sojobo (Depths:1)
  Boris (Vaults:5)
  Margery (Depths:3)
  A Killer Klown (Zot:1)
  Xtahua (Depths:3)
  Nikola (Vaults:2)
  6 golden dragons
  Jory (Depths:3)
  A profane servitor (Crypt:3)
  the Enchantress (Depths:3)
  2 bone dragons
  A Brimstone Fiend (Pan)
  2 electric golems (Zot:1)
  6 tentacled monstrosities
  A shard shrike zombie (Crypt:2)
  10 liches
  The ghost of Neal the Spawn of Chaos, an adept DDFi of Makhleb (Vaults:3)
  The ghost of Joalyutz the Shatterer, an adept MiFi of Okawaru (Swamp:3)
  3 quicksilver dragons
  2 deep elf blademasters
  4 titans
  17 acid blobs
  2 deep elf master archers (Elf:3)
  2 Executioners (Pan)
  5 ancient champions
  Frances (D:13)
  2 tentacled starspawn (WizLab)
  4 sphinxes
  7 shadow dragons
  Roxanne (Snake:2)
  Kirke (Swamp:4)
  A storm dragon (Zot:1)
  7 nagarajas (Snake:4)
  6 draconian monks
  12 tengu reavers
  13 azure jellies
  11 frost giants
  3 revenants
  2 ghost moths (Depths:3)
  16 vault wardens
  8 fire giants
  11 deep elf sorcerers
  3 imperial myrmidons (Desolation)
  2 warmongers (Pan)
  3 draconian scorchers (Zot:1)
  A draconian knight (Zot:1)
  8 balrugs (Pan)
  3 ghouls (Crypt:2)
  5 draconian annihilators
  4 spriggan defenders
  An iron dragon (Vaults:5)
  A draconian stormcaller (Depths:5)
  A curse skull (Crypt:3)
  4 draconian shifters
  5 deep elf elementalists
  A war gargoyle (Vaults:5)
  15 ironheart preservers
  3 reapers (Pan)
  11 vampire knights
  The ghost of zawa the Severer, a journeyman MiBe of Trog (Lair:4)
  2 entropy weavers (Lair:5)
  16 very ugly things
  21 stone giants
  A green draconian (Depths:5)
  2 yellow draconians (Zot:1)
  3 spark wasps
  11 deep elf demonologists
  2 dire elephants (Lair:2)
  9 black draconians (Zot:1)
  A red draconian (Zot:1)
  6 white draconians
  2 purple draconians (Zot:1)
  A halazid warlock (Desolation)
  10 deep elf annihilators
  4 eidola
  6 ettins
  10 deep elf death magi
  3 green deaths
  8 death oozes
  18 yaktaur captains
  2 jiangshi
  2 pearl dragon zombies (Crypt:3)
  11 ogre magi
  5 crystal guardians
  A deep elf high priest (Vaults:5)
  6 fire dragons
  11 great orbs of eyes
  3 rakshasas
  7 ragged hierophants (Desolation)
  18 ice dragons
  4 peacekeepers (Desolation)
  17 naga warriors
  37 vault guards
  21 hydras
  6 servants of whispers (Desolation)
  2 monstrous demonspawn
  3 catoblepae (Lair:6)
  2 hell beasts
  4 spriggan air magi
  A ghost crab (Swamp:4)
  6 death knights
  9 anacondas
  A catoblepas (shapeshifter) (Vaults:5)
  6 centaur warriors
  12 alligators
  A spectral stone giant (Vaults:3)
  A satyr (shapeshifter) (Vaults:5)
  12 deep troll shamans
  35 two-headed ogres
  2 tengu warriors
  Erica (D:10)
  5 death yaks (Lair:6)
  3 spectral humans (Vaults:3)
  8 deep troll earth magi
  4 hell hogs
  2 vampire magi (Crypt:1)
  5 orc high priests (Orc:2)
  3 spriggan berserkers
  14 shock serpents
  5 thrashing horrors
  5 soul eaters
  A queen ant (Lair:5)
  14 sun demons
  11 shadow wraiths
  9 naga sharpshooters
  20 hell knights
  13 deep elf knights
  Sonja (D:10)
  A spectral yaktaur (Vaults:3)
  3 iron trolls
  39 deep trolls
  A storm dragon skeleton (Vaults:3)
  An unseen horror (shapeshifter) (Vaults:5)
  23 skeletal warriors
  4 sixfirhies (Zot:1)
  2 spriggan druids
  2 sea snakes (Snake:3)
  4 glowing orange brains
  4 swamp dragons
  3 infernal demonspawn
  An unseen horror (D:10)
  5 flayed ghosts
  An obsidian statue (WizLab)
  5 naga ritualists
  2 tengu zombies (Vaults:4)
  5 wizards
  An anaconda skeleton (WizLab)
  A torturous demonspawn (Pan)
  21 ironbrand convokers
  18 deep elf archers
  4 harpies (Vaults:1)
  4 wolf spiders
  A frost giant zombie (Crypt:1)
  11 necromancers
  14 orc knights
  An iron dragon zombie (Crypt:3)
  8 phantasmal warriors
  A lindwurm (Lair:4)
  4 mana vipers
  8 orc sorcerers
  4 shining eyes
  5 salamanders
  62 deep elf magi
  2 spectral ettins (Vaults:3)
  3 manticores
  A large abomination (Swamp:4)
  A manticore (shapeshifter) (Vaults:5)
  43 ugly things
  4 cyclopes
  A faun (shapeshifter) (Depths:5)
  2 worldbinders (WizLab)
  4 apis skeletons (Crypt:3)
  Joseph (D:10)
  6 guardian serpents
  18 vault sentinels
  2 frost giant skeletons
  3 guardian serpents (shapeshifter)
  33 black mambas
  5 elephants
  An ice statue (IceCv)
  2 eyes of devastation
  2 fire giant skeletons
  25 naga magi
  6 moths of wrath (Zot:1)
  2 molten gargoyles (Desolation)
  A gargoyle (D:14)
  5 orange demons
  An eye of devastation (shapeshifter) (Depths:4)
  A torpor snail (shapeshifter) (Depths:5)
  A torpor snail (Lair:6)
  A spiny frog (shapeshifter) (Depths:3)
  A shock serpent skeleton (Crypt:1)
  A centaur skeleton (D:13)
  A yaktaur (shapeshifter) (Vaults:4)
  A hellion (Pan)
  7 komodo dragons
  A rime drake (shapeshifter) (Vaults:5)
  9 freezing wraiths
  13 spiny frogs
  2 hellwings (Depths:3)
  2 demonic crawlers
  2 kobold demonologists
  A catoblepas zombie (Crypt:1)
  2 ice devils
  2 rime drakes
  9 efreet
  11 red devils
  A yaktaur skeleton (Vaults:3)
  A tengu conjurer (Depths:2)
  A hydra zombie (Crypt:1)
  66 yaktaurs
  An iron troll skeleton (Crypt:1)
  A catoblepas skeleton (Crypt:2)
  A queen bee (shapeshifter) (Vaults:1)
  3 trolls
  10 tyrant leeches
  19 polar bears
  A meliai (shapeshifter) (Vaults:5)
  A wind drake (WizLab)
  75 slime creatures
  A wolf spider simulacrum (Crypt:1)
  57 saltlings (Desolation)
  2 meliai zombies
  19 hornets
  24 blink frogs
  A moth of wrath zombie (Crypt:2)
  A hydra skeleton (Crypt:1)
  10 bog bodies
  2 fire giant simulacra (Crypt:1)
  A frost giant simulacrum (Vaults:1)
  A dream sheep (shapeshifter) (Vaults:5)
  7 hippogriffs
  2 human simulacra
  An ettin zombie (Crypt:1)
  A black mamba zombie (Crypt:1)
  14 wraiths
  6 air elementals
  A fire dragon skeleton (Crypt:1)
  3 flying skulls (Crypt:3)
  65 yaks
  14 spriggans
  7 ynoxinuls
  7 water elementals
  18 shadows
  3 wyverns
  5 fire bats (Depths:2)
  2 golden eyes (shapeshifter)
  10 humans
  A golden eye (Slime:5)
  A steam dragon (Lair:5)
  A yaktaur simulacrum (Vaults:3)
  6 basilisks
  3 hogs (D:7)
  Eustachio (D:4)
  5 fire elementals
  A basilisk (shapeshifter) (Vaults:5)
  2 hungry ghosts
  2 chaos spawn
  3 neqoxecs
  18 vampire mosquitoes
  Menkaure (D:4)
  4 wargs
  4 spatial vortices (WizLab)
  A swamp worm (shapeshifter) (Depths:4)
  A gelid demonspawn zombie (Crypt:2)
  7 insubstantial wisps
  2 acid dragons (D:15)
  45 nagas
  5 soldier ants (Lair:5)
  15 swamp worms
  A deep troll skeleton (Crypt:3)
  7 water moccasins
  A spiny frog zombie (Crypt:1)
  4 hell hounds (Depths:2)
  5 porcupines
  2 swamp drakes (Swamp:4)
  5 ice beasts
  4 phantoms
  A monstrous demonspawn skeleton (Crypt:1)
  2 sky beasts (D:11)
  A sky beast (shapeshifter) (Depths:4)
  A swamp dragon zombie (Crypt:3)
  4 black bears
  3 eyes of draining
  2 ettin simulacra (Vaults:3)
  44 orc warriors
  10 necrophages
  3 human zombies
  22 ogres
  20 wolves
  18 boggarts
  8 centaurs
  An elephant skeleton (Crypt:1)
  10 crocodiles
  2 small abominations
  A big kobold (D:11)
  A yaktaur zombie (Crypt:2)
  A rime drake zombie (Crypt:3)
  A komodo dragon zombie (Crypt:2)
  19 bullfrogs
  A gnoll sergeant (D:11)
  A komodo dragon skeleton (Crypt:3)
  A human skeleton (Vaults:3)
  A wyvern skeleton (D:12)
  5 scorpions
  15 killer bees
  22 wights
  2 troll skeletons
  3 electric eels
  8 howler monkeys
  A bullfrog zombie (D:9)
  10 crimson imps
  A lava snake (D:14)
  4 centaur zombies
  2 quasits
  12 hounds
  2 hounds (shapeshifter) (Vaults:5)
  2 bullfrog skeletons
  A gnoll shaman (D:4)
  30 orc priests
  7 jellies
  18 orc wizards
  6 iguanas
  Jessica (D:3)
  Terence (D:2)
  5 lightning spires (Zot:1)
  A porcupine skeleton (Crypt:1)
  17 worker ants
  A demigod zombie (Crypt:1)
  A big kobold skeleton (Crypt:1)
  A hound skeleton (D:10)
  2 hound zombies
  2 tengu skeletons
  2 mummies (Crypt:2)
  2 worker ant zombies
  13 gnolls
  19 adders
  4 shadow imps
  A steam dragon skeleton (Crypt:3)
  An adder skeleton (D:9)
  3 adder zombies
  8 worms
  2 dart slugs (D:1)
  9 leopard geckos
  103 orcs
  A ball python (D:5)
  9 giant cockroaches
  8 goblins
  A hobgoblin (D:1)
  3 jackals
  16 kobolds
  2 quokkas
  A ball python zombie (D:5)
  7 bats
  A dart slug zombie (Crypt:2)
  6 frilled lizards
  A giant cockroach zombie (Crypt:3)
  A jackal skeleton (D:8)
  A kobold skeleton (Crypt:3)
  A leopard gecko skeleton (Crypt:1)
  6 rats
  A fire vortex (Zot:1)
  A fungus (Lair:3)
  A plant (Lair:2)
  A starspawn tentacle (WizLab)
2504 creatures vanquished.

Vanquished Creatures (collateral kills)
  An ancient lich (Depths:2)
  An electric golem (Zot:1)
  A titan (Vaults:5)
  An acid blob (Slime:1)
  An Executioner (Pan)
  2 draconian monks (Zot:1)
  An azure jelly (Slime:2)
  10 balrugs (Pan)
  2 warmongers (Pan)
  3 reapers (Pan)
  A blood saint (Pan)
  A black draconian (Zot:1)
  A green draconian (Zot:1)
  2 black suns (Pan)
  2 deep elf annihilators (Depths:2)
  A white draconian (Zot:1)
  A green death (Pan)
  An ice dragon (Vaults:2)
  A shambling mangrove (Swamp:3)
  A monstrous demonspawn (Pan)
  A deep troll earth mage (Depths:4)
  22 sun demons (Pan)
  A hell knight (Depths:4)
  A soul eater (Pan)
  A torturous demonspawn (Pan)
  A phantasmal warrior (Vaults:2)
  2 deep trolls (Depths:4)
  A gelid demonspawn (Pan)
  3 orange demons (Pan)
  2 efreet (Pan)
  A demonic crawler (Pan)
  11 red devils (Pan)
  2 hornets (Swamp:3)
  A tyrant leech (Swamp:3)
  4 slime creatures (Slime:1)
  3 large abominations (Pan)
  3 ynoxinuls (Pan)
  A neqoxec (Pan)
  A chaos spawn (Pan)
  2 fire vortices (Pan)
99 creatures vanquished.

Vanquished Creatures (others)
  An eldritch tentacle (WizLab)
  A vault warden (Vaults:2)
  2 stone giants (Vaults:5)
  A black draconian (Zot:1)
  A spark wasp (Zot:1)
  16 dancing weapons
  2 hell hogs (Depths:2)
  An orc knight (Vaults:5)
  A deep elf mage (Elf:1)
  A yaktaur (Depths:5)
  A hornet (Swamp:4)
  A tyrant leech (Lair:3)
  A fire bat (Depths:2)
  2 humans (Swamp:4)
  A swamp drake (Swamp:1)
  5 ball lightnings (Zot:1)
  2 orcs (Vaults:5)
  73 fire vortices
  3 fungi
  A pillar of salt (Vaults:4)
  21 plants
  A starspawn tentacle (WizLab)
  8 toadstools (Lair:2)
147 creatures vanquished.

Grand Total: 2750 creatures vanquished

Notes
Turn   | Place    | Note
-------+----------+-------------------------------------------
     0 | D:1      | Flugkiller the Spriggan Venom Mage began the quest for the
                  | Orb.
     0 | D:1      | Reached XP level 1. HP: 9/9 MP: 5/5
    94 | D:1      | Reached skill level 3 in Spellcasting
   284 | D:1      | Reached XP level 2. HP: 13/13 MP: 4/7
   294 | D:1      | Learned a level 2 spell: Poisonous Vapours
   579 | D:1      | Reached skill level 4 in Spellcasting
   781 | D:2      | Reached XP level 3. HP: 16/16 MP: 0/9
   912 | D:2      | Noticed Terence
   927 | D:2      | Killed Terence
  1294 | D:2      | Found a hide-covered altar of Uskayaw.
  1317 | D:2      | Reached XP level 4. HP: 21/21 MP: 6/11
  1631 | D:2      | Reached skill level 5 in Spellcasting
  1895 | D:3      | Reached XP level 5. HP: 24/24 MP: 5/13
  2109 | D:3      | Noticed Jessica
  2117 | D:3      | Killed Jessica
  2554 | D:3      | Reached skill level 6 in Spellcasting
  3022 | D:3      | Learned a level 4 spell: Olgreb's Toxic Radiance
  3063 | D:4      | Reached XP level 6. HP: 28/28 MP: 2/16
  3262 | D:4      | Reached skill level 5 in Poison Magic
  3296 | D:4      | Noticed Eustachio
  3469 | D:4      | Killed Eustachio
  3469 | D:4      | Reached skill level 7 in Spellcasting
  3551 | D:4      | Reached XP level 7. HP: 32/32 MP: 10/18
  3827 | D:3      | Learned a level 3 spell: Mephitic Cloud
  4186 | D:4      | Noticed Menkaure
  4279 | D:4      | Reached skill level 8 in Spellcasting
  4615 | D:4      | You fall into a shaft and drop 3 floors!
  4616 | D:7      | Noticed a hippogriff
  4616 | D:7      | Noticed a two-headed ogre
  4754 | D:7      | Reached XP level 8. HP: 31/36 MP: 16/21
  4882 | D:7      | Reached skill level 1 in Fighting
  5203 | D:6      | Reached skill level 5 in Stealth
  5244 | D:6      | Reached skill level 5 in Dodging
  5819 | D:5      | Entered Level 5 of the Dungeon
  5834 | D:5      | Found Vyrradie's General Store.
  5860 | D:5      | Bought a potion of curing for 36 gold pieces
  5955 | D:4      | Killed Menkaure
  6025 | D:4      | Reached XP level 9. HP: 15/42 MP: 22/22
  6424 | D:4      | Reached skill level 9 in Spellcasting
  6688 | D:5      | Reached skill level 1 in Short Blades
  6705 | D:5      | Reached skill level 1 in Evocations
  7558 | D:6      | Found a staircase to the Ecumenical Temple.
  7711 | Temple   | Entered the Ecumenical Temple
  7960 | Temple   | Became a worshipper of Gozag Ym Sagoz the Greedy
  8266 | D:7      | Killed a two-headed ogre
  8346 | D:7      | Reached skill level 10 in Spellcasting
  8350 | D:7      | Reached skill level 5 in Evocations
  8350 | D:7      | Reached XP level 10. HP: 44/46 MP: 1/25
  8729 | D:7      | Reached skill level 5 in Short Blades
  9192 | D:8      | Found Pitig's Assorted Antiques.
  9288 | D:8      | Bought 3 scrolls labeled ROALOS USMIUV for 75 gold pieces
  9289 | D:8      | Bought a scroll labeled KIYXILE LEUZEO for 25 gold pieces
  9289 | D:8      | Bought a scroll of teleportation for 75 gold pieces
  9289 | D:8      | Bought a scroll labeled SUNEBBUAGE for 25 gold pieces
  9289 | D:8      | Bought a shiny iron wand for 100 gold pieces
  9673 | D:8      | Found a stormy altar of Qazlal.
  9750 | D:8      | Reached skill level 10 in Poison Magic
 10329 | D:9      | Found a staircase to the Orcish Mines.
 10793 | D:9      | Found a blossoming altar of Fedhas.
 10806 | D:9      | Noticed an oklob plant
 11371 | D:10     | Entered Level 10 of the Dungeon
 11498 | D:10     | Reached XP level 11. HP: 33/52 MP: 19/26
 11732 | D:10     | Found a staircase to the Lair.
 12020 | D:10     | Noticed Sonja
 12029 | D:10     | Killed Sonja
 12079 | D:10     | Noticed Erica
 12080 | D:10     | archmagi erica, very nice
 12080 | D:10     | I'll be taking that
 12110 | D:10     | Killed Erica
 12317 | D:10     | Noticed Joseph
 12332 | D:10     | Reached skill level 5 in Fighting
 12343 | D:10     | Killed Joseph
 12343 | D:10     | Reached skill level 1 in Shields
 12660 | D:10     | Noticed an unseen horror
 12669 | D:10     | Found a runed translucent door.
 12678 | D:10     | Killed an unseen horror
 12783 | D:10     | Noticed a fire crab
 13210 | D:11     | Identified 2 scrolls of acquirement
 13321 | D:11     | Noticed a white ugly thing
 13321 | D:11     | Noticed a two-headed ogre
 13325 | D:11     | Noticed a two-headed ogre
 13346 | D:11     | Noticed a two-headed ogre
 13357 | D:11     | Killed a two-headed ogre
 13357 | D:11     | Reached skill level 11 in Spellcasting
 13372 | D:11     | Killed a white ugly thing
 13379 | D:11     | Killed a two-headed ogre
 13583 | D:11     | Killed a two-headed ogre
 13583 | D:11     | Reached XP level 12. HP: 51/60 MP: 26/28
 13673 | D:11     | Found a white marble altar of Elyvilon.
 14086 | Lair:1   | Entered Level 1 of the Lair of Beasts
 14701 | Lair:1   | Reached skill level 12 in Spellcasting
 14957 | Lair:2   | Reached skill level 10 in Short Blades
 14970 | Lair:2   | Noticed an eight-headed hydra
 14980 | Lair:2   | Killed an eight-headed hydra
 15048 | Lair:2   | Reached skill level 10 in Dodging
 15254 | Lair:2   | Found an opulent altar of Gozag.
 15357 | Lair:2   | Noticed a five-headed hydra
 15391 | Lair:2   | Killed a two-headed hydra
 15578 | Lair:2   | Noticed a dire elephant
 15578 | Lair:2   | Noticed a dire elephant
 15598 | Lair:2   | Found a runed translucent door.
 16329 | Lair:2   | Killed a dire elephant
 16329 | Lair:2   | Reached skill level 10 in Evocations
 16343 | Lair:2   | Killed a dire elephant
 16429 | Lair:2   | Got a crystal hunting sling
 17003 | Lair:3   | Noticed a five-headed hydra
 17011 | Lair:3   | Killed a five-headed hydra
 17019 | Lair:3   | Noticed a seven-headed hydra
 17053 | Lair:3   | Killed a five-headed hydra
 17307 | Lair:3   | Noticed a five-headed hydra
 17524 | Lair:3   | Killed a one-headed hydra
 17536 | Lair:3   | Reached XP level 13. HP: 61/63 MP: 30/30
 17597 | Lair:3   | Found a staircase to the Swamp.
 17720 | Lair:3   | Found a staircase to the Snake Pit.
 18538 | Lair:4   | Found a runed translucent gate.
 19101 | Lair:4   | Found a runed translucent gate.
 19101 | Lair:4   | Found a runed translucent gate.
 19101 | Lair:4   | Noticed zawa's ghost (journeyman MiBe)
 19101 | Lair:4   | Noticed a death ooze
 19108 | Lair:4   | Found a viscous altar of Jiyva.
 19222 | Lair:5   | Found a frozen archway.
 19232 | Lair:5   | Reached skill level 5 in Shields
 19257 | IceCv    | Entered an ice cave
 20384 | IceCv    | Noticed a frost giant
 20423 | IceCv    | Killed a frost giant
 21230 | Lair:5   | Reached XP level 14. HP: 49/70 MP: 15/31
 21377 | Lair:5   | Noticed an entropy weaver
 21381 | Lair:5   | Noticed an entropy weaver
 21405 | Lair:5   | Killed an entropy weaver
 21425 | Lair:5   | Killed an entropy weaver
 21425 | Lair:5   | Reached skill level 15 in Dodging
 21713 | Lair:5   | Identified the +6 hunting sling of Resourcefulness {flame,
                  | *Drain rF+++ rC+ Str+3} (You found it on level 2 of the
                  | Lair of Beasts)
 21837 | Lair:5   | Found a viscous altar of Jiyva.
 21837 | Lair:5   | Found a staircase to the Slime Pits.
 22184 | Lair:6   | Entered Level 6 of the Lair of Beasts
 22936 | Lair:6   | Reached skill level 10 in Stealth
 23502 | Lair:6   | Reached skill level 13 in Spellcasting
 24313 | Lair:6   | Reached skill level 14 in Spellcasting
 24734 | Lair:6   | Identified Sif Muna's Reference Book on Transmigration and
                  | Conjuration
 24938 | Orc:1    | Entered Level 1 of the Orcish Mines
 24963 | Orc:1    | Found a transporter.
 24965 | Orc:1    | Noticed Qurchuept's ghost (journeyman FeVM)
 25002 | Orc:1    | Found a transporter.
 25374 | Orc:2    | Entered Level 2 of the Orcish Mines
 25374 | Orc:2    | Found a shimmering altar of Xom.
 25422 | Orc:2    | Found Pofosmesm's Armour Emporium.
 25608 | Orc:2    | Found Rafeasif's General Store.
 25736 | Orc:2    | Found Zuhyraeq's Distillery.
 26368 | Orc:2    | Reached skill level 15 in Spellcasting
 26431 | Orc:2    | Bought a potion of cancellation for 128 gold pieces
 26642 | Orc:2    | Found a staircase to the Elven Halls.
 27083 | Orc:2    | Found a runed translucent gate.
 27083 | Orc:2    | Found a runed translucent gate.
 27129 | Orc:2    | Found a runed translucent gate.
 27173 | Orc:2    | Found an opulent altar of Gozag.
 27173 | Orc:2    | Found Gaf Toir's Assorted Antiques.
 27176 | Orc:2    | Noticed Zero's ghost (adept GrBe)
 27217 | Orc:2    | Reached XP level 15. HP: 74/74 MP: 31/35
 27450 | Orc:2    | Gained mutation: Your body sometimes deteriorates upon
                  | taking damage. [a neqoxec]
 28183 | Orc:2    | Found Ippaq's Antique Armour Boutique.
 28183 | Orc:2    | Found a one-way gate leading to the halls of Pandemonium.
 28183 | Orc:2    | Found Foal's Gadget Shop.
 28366 | Orc:2    | Bought a fine hat for 207 gold pieces
 28379 | Orc:2    | Identified the cursed +0 hat "Ruasat" {Int+2} (You bought
                  | it in a shop on level 2 of the Orcish Mines)
 28536 | D:9      | Bought a book of Power for 675 gold pieces
 28544 | D:9      | Learned a level 7 spell: Orb of Destruction
 28782 | D:12     | Reached skill level 1 in Conjurations
 28991 | D:12     | Found Osuschyxu's Antique Weapon Boutique.
 29180 | D:13     | Got a pitted hand crossbow
 29503 | D:13     | Noticed Frances
 29589 | D:13     | Killed Frances
 29795 | D:13     | Found Suhun's Antique Armour Shop.
 29813 | D:13     | Bought an ancient robe for 153 gold pieces
 30391 | D:13     | Identified the +0 robe "Lyllep" {rCorr} (You bought it in a
                  | shop on level 13 of the Dungeon)
 30502 | D:14     | Reached skill level 5 in Conjurations
 30592 | D:14     | Found a gate to the Vaults.
 30804 | D:14     | Identified the +7 hand crossbow "Zoosiuk" {velocity, Str+2}
                  | (You found it on level 13 of the Dungeon)
 30968 | D:14     | Got an iridescent shortbow
 31424 | D:15     | Entered Level 15 of the Dungeon
 31663 | D:15     | Found a staircase to the Depths.
 31961 | D:15     | Found Ulix's Assorted Antiques.
 32569 | Swamp:1  | Entered Level 1 of the Swamp
 33310 | Lair:3   | Found a staircase to the Swamp.
 33444 | Lair:3   | Lost mutation: Your body sometimes deteriorates upon taking
                  | damage. [potion of mutation]
 33444 | Lair:3   | Gained mutation: You are clumsy. (Dex -2) [potion of
                  | mutation]
 33444 | Lair:3   | Gained mutation: Your system is resistant to poisons.
                  | (rPois) [potion of mutation]
 33444 | Lair:3   | Gained mutation: Your spells are a little easier to cast,
                  | but a little less powerful. [potion of mutation]
 33444 | Lair:3   | Gained mutation: Your flesh is cold resistant. (rC+)
                  | [potion of mutation]
 33445 | Lair:3   | Lost mutation: Your system is resistant to poisons. (rPois)
                  | [potion of mutation]
 33445 | Lair:3   | Lost mutation: You are clumsy. (Dex -2) [potion of
                  | mutation]
 33445 | Lair:3   | Gained mutation: Armour fits poorly on your strangely
                  | shaped body. [potion of mutation]
 33445 | Lair:3   | Gained mutation: You are weak. (Str -2) [potion of
                  | mutation]
 33445 | Lair:3   | Gained mutation: Your mind is acute. (Int +2) [potion of
                  | mutation]
 33744 | Lair:4   | Lost mutation: You are weak. (Str -2) [potion of mutation]
 33744 | Lair:4   | Lost mutation: Your mind is acute. (Int +2) [potion of
                  | mutation]
 33744 | Lair:4   | Lost mutation: Your spells are a little easier to cast, but
                  | a little less powerful. [potion of mutation]
 33744 | Lair:4   | Lost mutation: Your flesh is cold resistant. (rC+) [potion
                  | of mutation]
 33744 | Lair:4   | Gained mutation: You are robust. (+10% HP) [potion of
                  | mutation]
 33744 | Lair:4   | Gained mutation: You are agile. (Dex +2) [potion of
                  | mutation]
 33744 | Lair:4   | Gained mutation: You are partially covered in icy blue
                  | scales. (AC +2) [potion of mutation]
 36749 | Swamp:2  | Reached XP level 16. HP: 61/89 MP: 25/36
 38083 | Swamp:3  | Found a runed translucent gate.
 38221 | Swamp:3  | Found a runed translucent gate.
 38221 | Swamp:3  | Found a runed translucent gate.
 38239 | Swamp:3  | Noticed Joalyutz's ghost (adept MiFi)
 38296 | Swamp:3  | Found the brooch of Shielding {Reflect SH+8}
 38550 | Swamp:3  | Noticed Bai Suzhen
 39430 | Swamp:4  | Entered Level 4 of the Swamp
 41649 | Swamp:4  | Noticed Kirke
 41703 | Swamp:4  | Killed Kirke
 41703 | Swamp:4  | Reached skill level 10 in Conjurations
 42661 | Snake:1  | Entered Level 1 of the Snake Pit
 43703 | Lair:3   | Learned a level 4 spell: Iskenderun's Mystic Blast
 47781 | Snake:2  | Noticed Roxanne
 48700 | Snake:2  | Reached XP level 17. HP: 66/93 MP: 1/37
 49690 | Snake:2  | Found a runed translucent door.
 49690 | Snake:2  | Noticed Qioxkieti's ghost (adept HuBe)
 49895 | Snake:2  | Killed Roxanne
 50861 | Snake:3  | Noticed Execuda's ghost (adept TrFi)
 50864 | Snake:3  | Found a transporter.
 50871 | Snake:3  | Found a bloodstained altar of Trog.
 50886 | Snake:3  | Found a transporter.
 50888 | Snake:3  | Found Soqioj's Armour Shoppe.
 50888 | Snake:3  | Identified the +11 short sword "Goblinslayer" {antimagic,
                  | *Corrode +Blink rPois Int+6}
 52101 | Snake:4  | Entered Level 4 of the Snake Pit
 52102 | Snake:4  | Found Zouzeki's Jewellery Shoppe.
 52104 | Snake:4  | Found Guxzyd's Antique Weapon Shoppe.
 52104 | Snake:4  | Found Yfizahei's Antique Weapon Emporium.
 52109 | Snake:4  | Found Qait's Distillery.
 52115 | Snake:4  | Bought a potion of experience for 600 gold pieces
 52115 | Snake:4  | Reached XP level 18. HP: 99/99 MP: 38/38
 52376 | Snake:4  | Bought a jewelled dagger for 273 gold pieces
 52376 | Snake:4  | Identified the +6 dagger of War {flame, rPois rC+++ Str-5}
                  | (You bought it in a shop on level 4 of the Snake Pit)
 56414 | Snake:4  | Got a serpentine rune of Zot
 56797 | Elf:1    | Entered Level 1 of the Elven Halls
 56828 | Elf:1    | Found a radiant altar of Vehumet.
 57031 | Elf:1    | Found Zeduol's Armour Boutique.
 57074 | Elf:1    | Found a portal to a secret trove of treasure.
 57244 | Elf:1    | Reached skill level 16 in Spellcasting
 57448 | Elf:1    | Identified the Papyrus of Creative Arcane Weapons
 57463 | Elf:1    | Found Toall's Armour Emporium.
 57743 | Elf:1    | Found Cushraiff's Antique Weapon Boutique.
 57751 | Elf:1    | Found Puss's Food Emporium.
 58434 | Orc:2    | Bought +0 fire dragon scales for 840 gold pieces
 58519 | Elf:1    | You paid a toll of +3 fire dragon scales to enter a
                  | treasure trove
 58520 | Trove    | Entered a treasure trove
 58523 | Trove    | Found the +4 robe of Augmentation {Str+4 Int+4 Dex+4}
 58552 | Trove    | Got a dull robe
 58555 | Trove    | Got an ichor-stained hat
 58558 | Trove    | Got a bloodstained cloak
 58560 | Trove    | Got warped quicksilver dragon scales
 58581 | Trove    | Identified the +2 robe "Yleor" {+Inv rElec rCorr Dex-4}
                  | (You found it in a treasure trove)
 58591 | Trove    | Identified the +0 hat of the Battered Princes {rC+ Int+5}
                  | (You found it in a treasure trove)
 58602 | Trove    | Identified the quicksilver dragon scales "Wusoc" {MR+
                  | Str+3} (You found it in a treasure trove)
 58616 | Trove    | Got distressingly furry shadow dragon scales
 58632 | Trove    | Identified the +2 shadow dragon scales "Vietrumy" {Regen+
                  | rCorr Stlth++++} (You found it in a treasure trove)
 58718 | Elf:1    | Identified the +1 cloak "Osut" {*Drain rPois rN+ Str+4}
                  | (You found it in a treasure trove)
 58770 | Elf:2    | Reached XP level 19. HP: 102/102 MP: 31/40
 59348 | Elf:2    | Reached skill level 17 in Spellcasting
 59349 | Elf:2    | Gained mutation: Potions are less effective at restoring
                  | your health. [a neqoxec]
 60278 | Elf:2    | Found a huge runed translucent gate.
 60278 | Elf:2    | Found a huge runed translucent gate.
 60278 | Elf:2    | Found a huge runed translucent gate.
 60281 | Elf:2    | Found a huge runed translucent gate.
 60282 | Elf:2    | Found a huge runed translucent gate.
 60496 | Elf:3    | Entered Level 3 of the Elven Halls
 60591 | Elf:3    | Reached skill level 18 in Spellcasting
 60844 | Elf:3    | Found Hezuacwu's Armour Boutique.
 61537 | Elf:3    | Identified the +8 great sword of the Sea {holy, +Blink
                  | rElec Str+4}
 61592 | Elf:3    | Reached skill level 19 in Spellcasting
 61840 | Elf:3    | Identified the cursed +2 flail of Laoce {crush, rElec rN+}
 62807 | Elf:3    | Identified the +1 battleaxe of Propriety {flame, rC+}
 63416 | Elf:3    | Reached skill level 20 in Spellcasting
 64460 | Elf:3    | Reached skill level 15 in Conjurations
 64652 | Elf:3    | Identified Waha's Guide on Moulding
 64667 | Elf:3    | Identified the Reference Book on Excruciating Summoning
 64755 | Elf:3    | Got an iridescent shortbow
 64783 | Elf:3    | Identified the Handbook of Conjuration
 65370 | Swamp:4  | Reached XP level 20. HP: 104/107 MP: 0/45
 66294 | Swamp:4  | Reached skill level 21 in Spellcasting
 67349 | Swamp:4  | Got a decaying rune of Zot
 67646 | D:13     | Learned a level 7 spell: Spellforged Servitor
 67683 | Vaults:1 | Entered Level 1 of the Vaults
 67788 | Vaults:1 | Reached skill level 1 in Summonings
 70088 | Vaults:1 | Found a runed translucent gate.
 70088 | Vaults:1 | Found a runed translucent gate.
 70088 | Vaults:1 | Found a runed translucent gate.
 70091 | Vaults:1 | Noticed Taschum's ghost (adept DrAK)
 70576 | Vaults:2 | Found Buotem's Food Boutique.
 70674 | Vaults:2 | Reached skill level 22 in Spellcasting
 70696 | Vaults:2 | Found a magical portal.
 70736 | WizLab   | Entered The Roulette of Golubria
 70736 | WizLab   | Found a transporter.
 70739 | WizLab   | Found a corrupted altar of Lugonu.
 70759 | WizLab   | Reached skill level 5 in Summonings
 70769 | WizLab   | Found a transporter.
 70773 | WizLab   | Found a transporter.
 70853 | WizLab   | Found a transporter.
 70906 | WizLab   | Found a transporter.
 70970 | WizLab   | Found a transporter.
 71013 | WizLab   | Found a transporter.
 71230 | WizLab   | Found a transporter.
 71253 | WizLab   | Identified Sif Muna's Handbook of the Compass
 71287 | WizLab   | Found a transporter.
 71287 | WizLab   | Found a transporter.
 71497 | WizLab   | Found a transporter.
 71497 | WizLab   | Found a transporter.
 71598 | WizLab   | Found a transporter.
 71598 | WizLab   | Found a transporter.
 71770 | WizLab   | Found a transporter.
 71770 | WizLab   | Found a transporter.
 71863 | WizLab   | Found a transporter.
 71863 | WizLab   | Found a transporter.
 72018 | WizLab   | Found a transporter.
 72018 | WizLab   | Found a transporter.
 72265 | WizLab   | Got a fine cloak
 72274 | WizLab   | Got a transparent cloak
 72278 | WizLab   | Got a brightly glowing cloak
 72289 | WizLab   | Identified the +1 cloak "Jitow" {rF+ rC+ Str+2} (You found
                  | it in a wizard's laboratory)
 72290 | WizLab   | Identified the +0 cloak of Cethownoa {+Fly Str+3 Dex+4}
                  | (You found it in a wizard's laboratory)
 72291 | WizLab   | Identified the +0 cloak of Filth {rC+ Str+2} (You found it
                  | in a wizard's laboratory)
 72292 | WizLab   | Identified the +3 cloak "Onkas" {+Inv rElec rF+ Int-4} (You
                  | found it in a wizard's laboratory)
 73503 | Vaults:2 | Noticed Nikola
 74251 | Vaults:2 | Reached XP level 21. HP: 112/112 MP: 12/48
 74404 | Vaults:2 | Found a staircase to the Crypt.
 74803 | Vaults:2 | Killed Nikola
 75152 | Vaults:3 | Found Roirism's Assorted Antiques.
 75168 | Vaults:3 | Bought a twisted dagger for 210 gold pieces
 75168 | Vaults:3 | Identified the +7 dagger "Egeel" {vamp, +Blink rElec rC-}
                  | (You bought it in a shop on level 3 of the Vaults)
 75815 | Vaults:3 | Reached skill level 10 in Summonings
 76738 | Vaults:3 | Found a runed translucent gate.
 76738 | Vaults:3 | Found a runed translucent gate.
 76738 | Vaults:3 | Found a runed translucent gate.
 77075 | Vaults:3 | Noticed Neal's ghost (adept DDFi)
 77900 | Vaults:3 | Killed Neal's ghost
 78614 | D:9      | Bought a book of Annihilations for 1656 gold pieces
 78624 | D:9      | Learned a level 9 spell: Fire Storm
 78883 | Vaults:4 | Reached skill level 1 in Fire Magic
 78982 | Vaults:4 | Found a ruined gateway.
 78991 | Desolati | Entered the Desolation of Salt
 79576 | Desolati | Identified the +2 leather armour "Plog" {*Drain MR++ Dex+3}
 79794 | Desolati | Identified the ring of Pocetid {rF+ MR+ Int+4 Stlth-}
 79817 | Desolati | Got a sparkling platinum ring
 79819 | Desolati | Got an iridescent hunting sling
 79829 | Desolati | Identified the ring of Tolouwk {rElec rF+ MP+9 Dex+2} (You
                  | found it in the Desolation of Salt)
 80673 | Desolati | Upgraded the game from 0.24-a0-539-g6aae15eeb0 to
                  | 0.24-a0-545-gd1b266bae6
 81343 | Desolati | Identified the ring "Ipot" {rF+ rN+ MP+9 SInv}
 81459 | Desolati | Identified the +4 hunting sling "Vesow" {velocity, rC-
                  | Str+4 Int+5 SInv} (You found it in the Desolation of Salt)
 81475 | Desolati | Identified the ring of Life {*Tele rElec rC+ rN+ MP+9} (You
                  | found it in the Desolation of Salt)
 81483 | Desolati | Identified the ring of Yendor {Fire +Blink Str+4 Slay+2}
                  | (You found it in the Desolation of Salt)
 81654 | Desolati | Identified the +7 fustibalus of Tebus {velocity, rF+} (You
                  | found it in the Desolation of Salt)
 81656 | Desolati | Found the +7 Spriggan's Knife {stab, EV+4 Stlth+}
 81657 | Desolati | Identified the Compendium of Ashen Transmigration
 81799 | Desolati | Identified the cursed +2 morningstar of the Sea {crush, rF-
                  | Str+5 Int+7} (You found it in the Desolation of Salt)
 82148 | Vaults:4 | Reached skill level 5 in Fire Magic
 82653 | Vaults:4 | Reached XP level 22. HP: 117/117 MP: 1/49
 86103 | Depths:1 | Entered Level 1 of the Depths
 86436 | Depths:1 | Found a gateway to a ziggurat.
 86564 | Depths:1 | Found a gateway to Hell.
 86973 | Depths:1 | Noticed Sojobo
 87271 | Depths:1 | Killed Sojobo
 87607 | Depths:1 | Reached skill level 10 in Fire Magic
 90196 | Depths:2 | Reached XP level 23. HP: 122/122 MP: 36/50
 91295 | Depths:2 | Found a runed translucent door.
 91298 | Depths:2 | Found a radiant altar of Vehumet.
 91298 | Depths:2 | Noticed an ancient lich
 91426 | Depths:2 | Killed an ancient lich
 91477 | Depths:2 | Identified Vehumet's Volume of Conjuration
 91521 | Depths:3 | Found a flickering gateway to a bazaar.
 91527 | Depths:3 | Noticed the Enchantress
 91529 | Depths:3 | Killed the Enchantress
 91547 | Depths:3 | Noticed Margery
 91670 | Bazaar   | Entered a bazaar
 91670 | Bazaar   | Found Parruomm's Jewellery Shop.
 91672 | Bazaar   | Found Deatwimomm's Armour Emporium.
 92026 | Bazaar   | Found Ytixtaith's Jewellery Shoppe.
 92029 | Bazaar   | Found Ythreiff's Food Boutique.
 92066 | Bazaar   | Found Rajit's Antique Armour Shoppe.
 92081 | Bazaar   | Bought a +4 ring of intelligence for 297 gold pieces
 92117 | Bazaar   | Bought a ration for 40 gold pieces
 92117 | Bazaar   | Bought a ration for 40 gold pieces
 92117 | Bazaar   | Bought a ration for 40 gold pieces
 92117 | Bazaar   | Bought a ration for 40 gold pieces
 92117 | Bazaar   | Bought a ration for 40 gold pieces
 92117 | Bazaar   | Bought a ration for 40 gold pieces
 92117 | Bazaar   | Bought a ration for 40 gold pieces
 92117 | Bazaar   | Bought a ration for 40 gold pieces
 92117 | Bazaar   | Bought a ration for 40 gold pieces
 92117 | Bazaar   | Bought a ration for 40 gold pieces
 92117 | Bazaar   | Bought a ration for 40 gold pieces
 92117 | Bazaar   | Bought a ration for 40 gold pieces
 92117 | Bazaar   | Bought a ration for 40 gold pieces
 92934 | Depths:3 | Killed Margery
 93429 | Depths:3 | Gained mutation: You are weak. (Str -2) [a neqoxec]
 93443 | Depths:3 | Gained mutation: Your magical capacity is low. (-10% MP) [a
                  | neqoxec]
 94524 | Depths:3 | Noticed Jory
 94533 | Depths:3 | Killed Jory
 95633 | Depths:3 | Noticed Xtahua
 95695 | Depths:3 | Killed Xtahua
 96297 | Depths:3 | Identified the +1 broad axe of Bodily Humours {protect,
                  | rPois rN+ Int+3 Dex+4}
 96890 | Depths:4 | Reached skill level 15 in Fire Magic
 98710 | Depths:4 | Reached XP level 24. HP: 101/126 MP: 34/45
 99473 | Depths:4 | Found a one-way gate to the infinite horrors of the Abyss.
 99911 | Depths:4 | Found the +8 glaive of the Guard {elec, +Rage AC+5 SInv}
100895 | Swamp:3  | Killed Joalyutz's ghost
101201 | Lair:4   | Killed zawa's ghost
101437 | Slime:1  | Entered Level 1 of the Pits of Slime
101441 | Slime:1  | Lost mutation: You are robust. (+10% HP) [a shining eye]
102546 | Slime:1  | Learned a level 8 spell: Ignition
103788 | Slime:4  | Gained mutation: Your magical capacity is very low. (-20%
                  | MP) [a shining eye]
103813 | Slime:4  | Found a viscous altar of Jiyva.
103954 | Slime:5  | Entered Level 5 of the Pits of Slime
104038 | Slime:5  | Noticed the Royal Jelly
104055 | Slime:5  | Killed the Royal Jelly
105001 | Slime:5  | Got a slimy rune of Zot
105053 | Slime:5  | Identified the ring of Peace {Int+5 SInv} (You found it on
                  | level 5 of the Pits of Slime)
105092 | Slime:5  | Got a wizard robe
105093 | Slime:5  | Identified the +0 robe of Nishraoj {rN+ Int-4 Stlth+} (You
                  | found it on level 5 of the Pits of Slime)
105108 | Slime:5  | Got a bloodstained robe
105109 | Slime:5  | Identified the +2 robe of Luacith {rC+ SInv Stlth+} (You
                  | found it on level 5 of the Pits of Slime)
105119 | Slime:5  | Got a brightly glowing iron ring
105120 | Slime:5  | Identified the ring of the Final Realms {*Tele Str+4} (You
                  | found it on level 5 of the Pits of Slime)
105137 | Slime:5  | Got a bloodstained flail
105138 | Slime:5  | Identified the +3 flail "Mioch" {venom, rN+} (You found it
                  | on level 5 of the Pits of Slime)
105359 | D:9      | Bought a potion of mutation for 104 gold pieces
105359 | D:9      | Bought a potion of magic for 104 gold pieces
105360 | D:9      | Lost mutation: You are weak. (Str -2) [potion of mutation]
105360 | D:9      | Lost mutation: Your magical capacity is very low. (-20% MP)
                  | [potion of mutation]
105360 | D:9      | Lost mutation: You are agile. (Dex +2) [potion of mutation]
105360 | D:9      | Gained mutation: You are agile. (Dex +2) [potion of
                  | mutation]
105361 | D:9      | Lost mutation: Your magical capacity is low. (-10% MP)
                  | [potion of mutation]
105361 | D:9      | Lost mutation: Armour fits poorly on your strangely shaped
                  | body. [potion of mutation]
105361 | D:9      | Lost mutation: You are agile. (Dex +2) [potion of mutation]
105361 | D:9      | Lost mutation: You are partially covered in icy blue
                  | scales. (AC +2) [potion of mutation]
105361 | D:9      | Gained mutation: You evolve. [potion of mutation]
105361 | D:9      | Gained mutation: You can translocate small distances at
                  | will. [potion of mutation]
106183 | Vaults:5 | Entered Level 5 of the Vaults
106449 | Vaults:5 | Reached XP level 25. HP: 53/119 MP: 19/50
107184 | Vaults:5 | Gained mutation: Your mind is acute. (Int +2) [evolution]
108406 | Vaults:5 | Identified the Handbook of Heat and Contamination
108413 | Vaults:5 | Got a silver rune of Zot
108446 | Vaults:5 | Identified the +8 great mace of the Gloaming {freeze,
                  | Str+8}
108559 | Vaults:5 | Identified the +10 long sword of Optimality {elec, +Rage
                  | rPois rF+}
108559 | Vaults:5 | Identified the amulet "Bauzacappa" {RegenMP rElec}
108767 | Vaults:5 | Identified the cursed +1 leather armour "Diuxom" {MR++
                  | rCorr Int+6}
109110 | Vaults:5 | Identified the +6 broad axe of Nostriter {drain, Dex+2}
109361 | Vaults:5 | Identified the +6 glaive "Tuohas" {chop, Int+6}
109707 | Vaults:5 | Noticed an ancient lich
109711 | Vaults:5 | Killed an ancient lich
110567 | Vaults:5 | Noticed Boris
110578 | Vaults:5 | Killed Boris
111336 | Vaults:5 | Identified Askeikh's Tome of Clay and Snow
112254 | Crypt:1  | Entered Level 1 of the Crypt
112713 | Crypt:1  | Reached XP level 26. HP: 123/123 MP: 2/50
114052 | Crypt:2  | Noticed Khufu
114056 | Crypt:2  | Noticed a greater mummy
114075 | Crypt:1  | Killed a greater mummy
114611 | Crypt:1  | Killed Khufu
115678 | Crypt:2  | Identified the amulet of Wudarphaxt {Spirit rPois} (You
                  | found it on level 2 of the Crypt)
116061 | Crypt:3  | Entered Level 3 of the Crypt
116855 | Crypt:3  | Found a staircase to the Tomb.
117165 | Crypt:3  | Found the +8 demon blade "Leech" {vamp, rN+ AC-3 EV-3}
117182 | Crypt:3  | Identified the Incunabulum of Dark Stones
117639 | Crypt:3  | Noticed an ancient lich
118280 | Crypt:3  | Found a basalt altar of Yredelemnul.
118646 | Crypt:3  | Killed an ancient lich
118759 | Crypt:3  | Identified the +8 spear "Newtslayer" {freeze, Dex+6 SInv}
                  | (You found it on level 3 of the Crypt)
119084 | Depths:5 | Entered Level 5 of the Depths
120519 | Depths:5 | Found a glowing golden altar of the Shining One.
121789 | Depths:5 | Found a gate to the Realm of Zot.
122016 | Zot:1    | Entered Level 1 of the Realm of Zot
122795 | Zot:1    | Reached XP level 27. HP: 128/128 MP: 36/50
123248 | Zot:1    | Gained mutation: You have a beak for a mouth. [evolution]
123635 | Zot:1    | Noticed an orb of fire
124112 | Zot:1    | Gained mutation: You are occasionally teleported next to
                  | monsters. [an orb of fire]
124133 | Zot:1    | Gained mutation: You are frail. (-10% HP) [an orb of fire]
124137 | Zot:1    | Killed an orb of fire
124933 | Zot:1    | Lost mutation: You are frail. (-10% HP) [potion of
                  | mutation]
124933 | Zot:1    | Lost mutation: Your mind is acute. (Int +2) [potion of
                  | mutation]
124933 | Zot:1    | Gained mutation: You have a somewhat thin skeletal
                  | structure. (Dex +2, Stealth) [potion of mutation]
124934 | Zot:1    | Lost mutation: You can translocate small distances at will.
                  | [potion of mutation]
124934 | Zot:1    | Lost mutation: You have a beak for a mouth. [potion of
                  | mutation]
124934 | Zot:1    | Lost mutation: Potions are less effective at restoring your
                  | health. [potion of mutation]
124934 | Zot:1    | Lost mutation: You are occasionally teleported next to
                  | monsters. [potion of mutation]
124934 | Zot:1    | Gained mutation: You have a moderately thin skeletal
                  | structure. (Dex +4, Stealth+) [potion of mutation]
124934 | Zot:1    | Gained mutation: You are resistant to electric shocks.
                  | (rElec) [potion of mutation]
124934 | Zot:1    | Gained mutation: You expend magic power (3 MP) to
                  | strengthen your wands. [potion of mutation]
126279 | Depths:3 | Learned a level 4 spell: Passage of Golubria
126288 | Depths:3 | Learned a level 8 spell: Lehudib's Crystal Spear
127054 | Pan      | Entered Pandemonium
127353 | Pan      | Reached skill level 1 in Earth Magic
127723 | Pan      | Learned a level 4 spell: Summon Lightning Spire
127946 | Pan      | Noticed Vomurgh the pandemonium lord
127968 | Pan      | Entered the realm of Cerebov.
127980 | Pan      | Got a twitching golden amulet
127981 | Pan      | Identified the amulet "Waureh" {RegenMP rElec rC+ Dex+2}
                  | (You found it in Pandemonium)
128387 | Pan      | Identified the cursed +0 war axe "Hemoetta" {drain, rC-
                  | MP+9 Str+2 Stlth+}
128486 | Pan      | Reached skill level 5 in Earth Magic
129358 | Pan      | Learned a level 3 spell: Regeneration
129794 | Pan      | Reached skill level 15 in Evocations
129999 | Pan      | Identified the +6 sword of Cerebov {flame}
129999 | Pan      | Noticed Cerebov
130845 | Pan      | Killed from afar by Cerebov

Levels and vault maps discovered:
D:1:      saegor_arrival_simple_b, layout_basic
D:2:      layout_basic, eat_drink_and_be_merry_uskayaw, uniq_terence
D:3:      layout_basic, uniq_jessica
D:4:      minmay_diamond_boxcup, layout_rooms, minmay_joined_circles,
          uniq_eustachio, uniq_menkaure
D:5:      layout_loops_ring, serial_shops, shop, first_ration,
          minmay_misc_feat_diagonals
D:6:      layout_basic, minmay_temple_entry_gardened_gates
D:7:      layout_layer_cave, grunt_livestock
D:8:      layout_loops_ring, serial_shops, shop_fountains,
          minmay_misc_feat_hallway, grunt_qazlal_clouds
D:9:      layout_long_grid, david_orc_3, tgw_fedhas
D:10:     gammafunk_mikee_crab_dinner, layout_loops_cross, david_lair_shrubbed,
          serial_glass, glass_columns_b, glass_columns_c, uniq_joseph,
          uniq_sonja, uniq_nergalle, uniq_erica
D:11:     layout_loops_ring, elyvilon_altar_3
D:12:     layout_rooms, serial_shops, nicolae_shop_window_shopping
D:13:     layout_roguey, serial_shops, nicolae_shop_trees, uniq_frances
D:14:     layout_loops_cross, ximxim_vaults_locker_room, dk_noncrumbling_4,
          kennysheep_inner_square
D:15:     grunt_enter_depths_hoard, layout_gridville, serial_shops, shop,
          chequers_decorated_corner
Temple:   nicolae_temple_the_god_donut
Lair:1:   wander_river, layout_regular_city
Lair:2:   gammafunk_lair_enchanted_lake, layout_loops_ring, basic_altar,
          chequers_serial_rivers_small_a, serial_bayou_pond_e
Lair:3:   layout_cave_pods, swamp_mist_pool,
          minmay_snake_entry_guardpost_medium, minmay_lair_oklob_chamber,
          grunt_megastairs_3
Lair:4:   cheibrodos_lair_overgrown_chateau, layout_big_grid,
          gammafunk_ghost_ooze
Lair:5:   layout_gridlike, dpeg_slime_entry_enclosed_altar,
          portal_ice_cave_entry_animals_and_master, wad_woods_antlair
Lair:6:   evilmike_catoblepas_cave, layout_long_grid, fungi_pond_lemuel,
          grunt_megastairs_5
Swamp:1:  layout_basic_swamp, hangedman_swamp_cone, swamp_pool4
Swamp:2:  layout_falls_marsh, evilmike_swamp_ruin_house_4
Swamp:3:  layout_basic_swamp, gammafunk_ghost_split, serial_swamp_ruin,
          hangedman_swamp_ruin_wall, evilmike_swamp_ruin_house_2,
          evilmike_swamp_ruin_rubble_2, uniq_bai_suzhen
Swamp:4:  swamp_vile, layout_basic_swamp, swamp_pool1, roderic_carrion_pond,
          uniq_kirke
Snake:1:  layout_misc_corridors
Snake:2:  layout_chambers, gammafunk_ghost_grave, uniq_roxanne
Snake:3:  layout_cave_shapes, gammafunk_ghost_wrathful_warriors, serial_shops,
          shop, statue_in_the_mist_lemuel, serial_bayou_shore_a
Snake:4:  snake_pit, layout_onion_interference, st_stairs_6, minmay_shoptagon
Slime:1:  layout_caves
Slime:2:  layout_caves
Slime:3:  layout_caves
Slime:4:  layout_caves, basic_altar
Slime:5
Orc:1:    layout_diamond_mine, gammafunk_ghost_berserking_beasts
Orc:2:    pf_orc_diabolical, layout_caves, basic_altar, serial_shops,
          nicolae_shop_waterfront, ebering_ghost_gozag
Elf:1:    eino_elf_arrival_altar, layout_rooms, enter_trove_0, serial_shops,
          nicolae_shop_stone, nicolae_shop_competitors_out_of_business,
          nicolae_shop_stone, shop, minmay_elf_sorcery,
          nicolae_elf_stone_circles, glass_columns_a
Elf:2:    layout_loops_cross
Elf:3:    grunt_elf_hall_diamonds, layout_gridlike, minivault_24,
          minmay_shop_star
Vaults:1: gammafunk_vaults_ghost_tricky_traps,
          nicolae_vaults_stairing_the_circle, v_rooms_5, v_pattern_5,
          nicolae_vaults_angled_halls, vaults_dpeg_doors,
          hangedman_vaults_snaps, st_diamondy,
          vaults_standard_mumra_enter_the_diamond, hangedman_vaults_corner,
          grunt_vaults_hallway_long, ontoclasm_vaults_fault,
          vaults_room_stairs_pillars, layout_vaults_ring
Vaults:2: v_rooms_5, grunt_vaults_swirl,
          vaults_standard_mumra_enter_the_diamond,
          nicolae_vaults_sealed_display, nicolae_vaults_little_squares_5,
          ontoclasm_vaults_gallery, minmay_crypt_entry_simple_statues,
          v_misc_25, grunt_vaults_hallway_short, vaults_room_hallway,
          vaults_room_fours, vaults_mumra_hexcomb, layout_vaults_big_cross,
          serial_shops, nicolae_shop_temple_entry_statues_fountains,
          infiniplex_enter_wizlab_water, uniq_nikola
Vaults:3: gammafunk_vaults_ghost_necromancy, ontoclasm_vaults_shout,
          vaults_dpeg_encased_lava, grunt_vaults_twisty, ontoclasm_vaults_idyll,
          v_misc_27, nicolae_vaults_network_quinsquares
          [nicolae_vaults_network_quincunx_subvault,
          nicolae_vaults_network_quincunx_subvault,
          nicolae_vaults_network_quincunx_subvault,
          nicolae_vaults_network_quincunx_subvault],
          nicolae_vaults_little_squares_2, nicolae_vaults_specimen_jars,
          layout_vaults_quadrants, serial_shops, shop
Vaults:4: grunt_vaults_focal, grunt_vaults_hallway_long,
          nicolae_vaults_shelves_hall, grunt_vaults_funnel,
          dpeg_vaults_monster_box, v_misc_26, v_misc_3, ontoclasm_vaults_chip,
          ontoclasm_vaults_loading_screen, v_alt_pattern_2,
          layout_vaults_chaotic_city, portal_desolation_entry_garden
Vaults:5: serial_shops, uniq_boris
Crypt:1:  layout_chaotic_city, minmay_misc_feat_pillars
Crypt:2:  layout_misc_corridors, uniq_khufu
Crypt:3:  david_glass_crypt, layout_rooms, nicolae_tomb_entry_rubble_hallway,
          hangedman_blasphemy
Depths:1: layout_gridlike, enter_ziggurat_e, hell_entry,
          hangedman_abyss_or_decor_passed, serial_bayou_lagoon_a,
          minmay_the_grid_square_5x5_3x3_mashed
          [minmay_the_grid_square_5x5_minibox,
          minmay_the_grid_square_5x5_broken_cross,
          minmay_the_grid_square_5x5_minivault,
          minmay_the_grid_square_5x5_gyroscope,
          minmay_the_grid_square_5x5_megaprize_hollow,
          minmay_the_grid_square_5x5_c, minmay_the_grid_square_5x5_two,
          minmay_the_grid_square_5x5_z, minmay_the_grid_square_5x5_plus],
          uniq_sojobo
Depths:2: minmay_inner_zag, layout_cave_pools, grunt_hell_horde,
          kennysheep_cross_room, grunt_absolute_annihilation
Depths:3: due_jory_tower, layout_basic, hell_entry, minmay_fountain_box,
          rand_demon_pan_entry_8, serial_shops, bzr_entry_lakeside,
          infiniplex_staircase_river, uniq_margery, uniq_jory, uniq_enchantress,
          uniq_xtahua
Depths:4: minmay_guarded_unrand_guard, layout_cave_shapes,
          hangedman_abyss_entry_splay, hell_entry, serial_bayou_shore_b,
          infiniplex_staircase_zigzag_2
Depths:5: evilmike_zot_entry_diamond, layout_gridlike, abyss_entry,
          serial_aquarium, aquarium_bridge_straight [aquarium_subvault_bridge,
          aquarium_subvault_wall, aquarium_subvault_bridge,
          aquarium_subvault_wall], aquarium_window_fake, aquarium_window_3,
          aquarium_window_1, aquarium_view_2f, aquarium_balcony_double_2,
          aquarium_pool_corner, tso_metal_star, hell_entry
Zot:1:    infiniplex_zot_generator, layout_gridlike, grunt_megastairs_2
Pan:      cerebov_grunt_fire_and_steel, layout_long_grid

Skill      XL: |  1  2  3  4  5  6  7  8  9 10 11 12 13 14 15 16 17 18 19 20 21 22 23 24 25 26 27 |
---------------+----------------------------------------------------------------------------------+-----
Spellcasting   | 3 4 5 6 7 8 10 11 12 15 16 20 22 | 22.0
Poison Magic   | 4 5 7 8 10 | 10.0
Fighting       | 2 3 5 6 8 9 |  9.1
Dodging        | 9 12 14 15 | 15.1
Stealth        | 5 10 | 10.2
Short Blades   | 4 8 9 10 | 10.2
Evocations     | 5 6 8 11 12 15 | 15.0
Shields        | 2 3 7 |  7.2
Conjurations   | 8 12 13 14 15 16 17 18 19 20 | 20.5
Summonings     | 8 10 | 10.0
Fire Magic     | 5 11 15 18 19 21 | 21.9
Earth Magic    | 6 |  6.0

Action                   |  1- 3 |  4- 6 |  7- 9 | 10-12 | 13-15 | 16-18 | 19-21 | 22-24 | 25-27 || total
-------------------------+-------+-------+-------+-------+-------+-------+-------+-------+-------++-------
Melee: Spear             |       |    43 |     2 |       |       |       |       |       |       ||    45
       Rapier            |       |       |   124 |   529 |  1311 |   813 |    73 |       |       ||  2850
       Scimitar          |       |       |       |    13 |    28 |       |       |       |       ||    41
       Quick blade       |       |       |       |       |       |       |   975 |  1013 |   606 ||  2594
       Morningstar       |       |       |       |       |       |       |       |       |    66 ||    66
Throw: Stone             |       |       |     7 |       |     4 |     4 |       |       |       ||    15
       Throwing net      |       |       |       |       |       |       |     4 |       |       ||     4
 Cast: Sting             |    62 |   113 |   153 |    86 |    36 |     5 |       |       |     5 ||   460
       Poisonous Vapours |     6 |    28 |    74 |   147 |   394 |   197 |    43 |       |     2 ||   891
       Mephitic Cloud    |       |       |     1 |     1 |       |       |     3 |       |       ||     5
       Olgreb's Toxic Ra |       |       |     5 |    35 |   121 |    31 |    57 |       |     2 ||   251
       Iskenderun's Myst |       |       |       |       |       |   477 |   530 |    65 |     8 ||  1080
       Orb of Destructio |       |       |       |       |       |    10 |   214 |   517 |   461 ||  1202
       Spellforged Servi |       |       |       |       |       |       |     1 |     8 |    33 ||    42
       Ignition          |       |       |       |       |       |       |       |    26 |    31 ||    57
       Fire Storm        |       |       |       |       |       |       |       |       |    62 ||    62
       Regeneration      |       |       |       |       |       |       |       |       |    16 ||    16
       Summon Lightning  |       |       |       |       |       |       |       |       |     1 ||     1
Invok: Call Merchant     |       |       |       |       |     1 |       |       |     1 |       ||     2
       Potion Petition   |       |       |       |       |       |       |       |     1 |     5 ||     6
Evoke: Wand              |       |       |     5 |    13 |    31 |    30 |    10 |     9 |    26 ||   124
       Crystal ball of e |       |       |       |       |       |       |       |       |     6 ||     6
  Use: Scroll            |     2 |       |    13 |    12 |     8 |     8 |    16 |    11 |    14 ||    84
       Potion            |       |       |     1 |     1 |     4 |     5 |     4 |     3 |     8 ||    26
 Stab: Distracted        |       |       |     1 |     4 |     7 |     4 |     9 |     6 |     9 ||    40
       Sleeping          |       |       |       |    10 |    20 |     2 |    14 |    10 |     2 ||    58
       Paralysed         |       |       |       |     4 |     9 |     1 |     2 |     2 |     1 ||    19
       Held in net/web   |       |       |       |       |       |       |     3 |       |       ||     3
  Eat: Ration            |       |       |     3 |     4 |    11 |    13 |    13 |    13 |    13 ||    70
Armor: Robe              |     1 |     6 |     8 |    20 |    36 |    23 |    33 |    20 |    12 ||   159
Dodge: Dodged            |    12 |    25 |   119 |   318 |   747 |   570 |   589 |   480 |   277 ||  3137
Block: Buckler           |       |       |       |    58 |   251 |   268 |   343 |   305 |   305 ||  1530
       Reflection        |       |       |       |       |       |       |       |     1 |    45 ||    46
       Rpst.: Scimitar   |       |       |       |     2 |     4 |       |       |       |       ||     6

Table legend:
 A = Non-vault XP
 B = Vault XP
 C = Vault XP percentage of total XP
 D = Non-vault monster count
 E = Vault monster count
 F = Vault count percentage of total count
                 A         B        C        D         E       F
            +---------+---------+-------+---------+---------+-------
      Total |  785323 |  817716 |  51.0 |    1618 |     985 |  37.8
            +---------+---------+-------+---------+---------+-------
        D:1 |      23 |       0 |   0.0 |      12 |       0 |   0.0
        D:2 |      98 |      36 |  26.9 |      28 |       1 |   3.4
        D:3 |     161 |      37 |  18.7 |      29 |       1 |   3.3
        D:4 |     692 |     928 |  57.3 |      29 |      19 |  39.6
        D:5 |     363 |       0 |   0.0 |      16 |       0 |   0.0
        D:6 |     873 |       0 |   0.0 |      22 |       0 |   0.0
        D:7 |    2319 |     968 |  29.4 |      26 |       5 |  16.1
        D:8 |    1925 |       0 |   0.0 |      29 |       0 |   0.0
        D:9 |    1355 |     349 |  20.5 |      32 |       7 |  17.9
       D:10 |    4475 |    2552 |  36.3 |      29 |       4 |  12.1
       D:11 |    5189 |       0 |   0.0 |      43 |       0 |   0.0
       D:12 |    1985 |       0 |   0.0 |      19 |       0 |   0.0
       D:13 |    4823 |    2224 |  31.6 |      29 |       1 |   3.3
       D:14 |    7191 |    7090 |  49.6 |      19 |      15 |  44.1
       D:15 |    4250 |    2006 |  32.1 |      10 |       2 |  16.7
     Lair:1 |    1358 |       0 |   0.0 |       9 |       0 |   0.0
     Lair:2 |    3478 |    5028 |  59.1 |      15 |       9 |  37.5
     Lair:3 |   13282 |    2241 |  14.4 |      40 |       7 |  14.9
     Lair:4 |     681 |    6884 |  91.0 |       3 |      21 |  87.5
     Lair:5 |    7797 |    7197 |  48.0 |      32 |      23 |  41.8
     Lair:6 |    8568 |   12769 |  59.8 |      24 |      27 |  52.9
    Swamp:1 |    5340 |       0 |   0.0 |      12 |       0 |   0.0
    Swamp:2 |    3812 |       0 |   0.0 |      12 |       0 |   0.0
    Swamp:3 |   15126 |    3700 |  19.7 |      39 |       5 |  11.4
    Swamp:4 |   14192 |   22360 |  61.2 |      43 |      35 |  44.9
    Snake:1 |   15073 |       0 |   0.0 |      29 |       0 |   0.0
    Snake:2 |   23685 |    2132 |   8.3 |      44 |       1 |   2.2
    Snake:3 |   11423 |       0 |   0.0 |      22 |       0 |   0.0
    Snake:4 |    8906 |   32128 |  78.3 |      18 |      44 |  71.0
    Slime:1 |    6411 |       0 |   0.0 |      20 |       0 |   0.0
    Slime:2 |   10091 |       0 |   0.0 |      19 |       0 |   0.0
    Slime:3 |   14424 |       0 |   0.0 |      12 |       0 |   0.0
    Slime:4 |    4412 |       0 |   0.0 |       8 |       0 |   0.0
    Slime:5 |    7089 |   29795 |  80.8 |      10 |      12 |  54.5
      Orc:1 |    1298 |       0 |   0.0 |      22 |       0 |   0.0
      Orc:2 |    3223 |   17495 |  84.4 |      36 |      69 |  65.7
      Elf:1 |   11267 |   10894 |  49.2 |      20 |      18 |  47.4
      Elf:2 |   23679 |    4286 |  15.3 |      33 |       3 |   8.3
      Elf:3 |   19593 |   46381 |  70.3 |      31 |      31 |  50.0
   Vaults:1 |   13338 |   21181 |  61.4 |      16 |      43 |  72.9
   Vaults:2 |   19542 |   25873 |  57.0 |      33 |      33 |  50.0
   Vaults:3 |   15396 |   24108 |  61.0 |      20 |      30 |  60.0
   Vaults:4 |   52039 |   24316 |  31.8 |      75 |      31 |  29.2
   Vaults:5 |   42735 |  157775 |  78.7 |      62 |     102 |  62.2
    Crypt:1 |   36990 |   14219 |  27.8 |      63 |       2 |   3.1
    Crypt:2 |   17645 |      36 |   0.2 |      24 |       2 |   7.7
    Crypt:3 |   20906 |   42472 |  67.0 |      27 |      24 |  47.1
   Depths:1 |   41805 |   19733 |  32.1 |      54 |      11 |  16.9
   Depths:2 |   26470 |   23565 |  47.1 |      45 |      26 |  36.6
   Depths:3 |   31414 |   50509 |  61.7 |      40 |      60 |  60.0
   Depths:4 |   49733 |   20802 |  29.5 |      62 |      13 |  17.3
   Depths:5 |   31677 |   17787 |  36.0 |      38 |      10 |  20.8
      Zot:1 |   57366 |   54435 |  48.7 |      33 |      40 |  54.8
        Pan |   58337 |   21528 |  27.0 |     101 |      31 |  23.5
      IceCv |       0 |    9756 | 100.0 |       0 |      36 | 100.0
     WizLab |       0 |   23497 | 100.0 |       0 |      41 | 100.0
 Desolation |       0 |   46644 | 100.0 |       0 |      90 | 100.0
            +---------+---------+-------+---------+---------+-------
